 Dungeon Crawl Stone Soup version 0.20.0-15-g7f486f2 (webtiles) character file.

117 theemperora the Conjurer (level 4, -10/24 HPs)
             Began as a Deep Elf Conjurer on June 9, 2017.
             Was an Initiate of Ru.
             Mangled by Crazy Yiuf
             ... wielding a +4 quarterstaff of chaos
              (13 damage)
             ... on level 3 of the Dungeon.
             The game lasted 00:14:30 (2565 turns).

theemperora the Conjurer (Deep Elf Conjurer)        Turns: 2565, Time: 00:14:31

Health: -10/24     AC:  2    Str:  5      XL:     4   Next: 71%
Magic:  8/12       EV: 13    Int: 17 (19) God:    Ru [......]
Gold:   102        SH:  0    Dex: 13      Spells: 5/11 levels left

rFire    . . .     SeeInvis +   h - +2 short sword (venom)
rCold    . . .     Gourm    .   (no shield)
rNeg     . . .     Faith    +   d - +0 robe
rPois    .         Spirit   .   (no helmet)
rElec    .         Reflect  .   (no cloak)
rCorr    .         Harm     .   (no gloves)
MR       .....                  (no boots)
Stlth    ++........             k - amulet of faith
Regen    0.1/turn               i - ring of stealth
MPRegen  0.2/turn               o - ring of loudness (curse)

@: lethally poisoned (-10 -> -13)
A: see invisible, clumsy 1, dopey 1, evolution 1
a: Renounce Religion


You were on level 3 of the Dungeon.
You worshipped Ru.
Ru was noncommittal.
You were not hungry.

You visited 1 branch of the dungeon, and saw 3 of its levels.

You collected 102 gold pieces.

Inventory:

Hand Weapons
 h - a +2 short sword of venom (weapon)
Armour
 a - a +0 robe
 d - a +0 robe (worn)
 q - a cursed +0 robe
Jewellery
 i - a ring of stealth (left hand)
 k - an amulet of faith (around neck)
 o - a cursed ring of loudness (right hand)
Scrolls
 g - a scroll of remove curse
 m - 2 scrolls of magic mapping
 p - a scroll of immolation
Potions
 e - a potion of degeneration
 l - 2 potions of curing
 n - a potion of might
Books
 b - a book of Conjurations

   Spells                             Type                      Level
   a - Magic Dart                     Conjuration                  1
   b - Searing Ray                    Conjuration                  2
   c - Dazzling Spray                 Conjuration/Hexes            3
   d - Fulminant Prism                Conjuration/Hexes            4
   e - Force Lance                    Conjuration/Translocation    4
   f - Iskenderun's Mystic Blast      Conjuration                  4
Comestibles
 c - a bread ration
 f - 3 fruits
 j - a royal jelly


   Skills:
 * Level 3.1 Dodging
 * Level 3.4 Stealth
 * Level 4.2 Spellcasting
 * Level 5.5 Conjurations


You had 5 spell levels left.
You knew the following spells:

 Your Spells              Type           Power        Failure   Level  Hunger
a - Magic Dart            Conj           ###.         1%          1    None
b - Searing Ray           Conj           ###...       2%          2    ##.....
c - Dazzling Spray        Conj/Hex       ##....       14%         3    ###....


Dungeon Overview and Level Annotations

Branches:
Dungeon (3/15)

Altars:
Kikubaaqudgha
Ru

Annotations:
D:3 Crazy Yiuf


Innate Abilities, Weirdness & Mutations

You have supernaturally acute eyesight. (SInv)
You are clumsy. (Dex -2)
You are dopey. (Int -2)
You evolve.


Message History

(Press . to maintain the ray.)
You feel sick. Crazy Yiuf closely misses you.
The searing ray hits Crazy Yiuf.
Crazy Yiuf is moderately wounded.
Crazy Yiuf grits, "Nubble rumpyflump senile!"
Crazy Yiuf hits you with a quarterstaff of chaos!
* * * LOW HITPOINT WARNING * * *
Crazy Yiuf draws strength from your wounds!
The searing ray misses Crazy Yiuf.
Crazy Yiuf closely misses you.
The searing ray hits Crazy Yiuf.
Crazy Yiuf is heavily wounded.
You finish channeling your searing ray.
* * * LOW HITPOINT WARNING * * *
You feel sick. Crazy Yiuf barely misses you. Crazy Yiuf misses you.
* * * LOW HITPOINT WARNING * * *
You feel sick.
Crazy Yiuf hits you with a quarterstaff of chaos!
Ouch! That really hurt!
You die...

#......#### ♣♣...♣
########.#
#.#......(# ♣....♣
#.# #.#.#####)#
#....# #.# #.#.#
#)#######..## #.#
#.#.# #).........#
#.# #.#.#
#.#...###..# #.#
#.#.#***#.#...#....#
#.#
#.#..,,,..##.##g####
#.#
#.###**#####.##@#
#.# #.# *....##.#
#.# #.# *.#####.#
#.# #.# #.# #.# ##.#
#(# #.# #)# #...
#.#######.# #.# #...
#.##......### #.#
#...
#..)......#.###.#
#.##
####.........##.#
##### #.#.


You could see Crazy Yiuf.

Vanquished Creatures
  An orc wizard (D:3)
  2 adders (D:3)
  2 worms (D:2)
  A dart slug (D:2)
  A leopard gecko (D:1)
  5 orcs
  A ball python (D:1)
  2 giant cockroaches (D:1)
  10 goblins
  4 hobgoblins
  8 kobolds
  A quokka (D:3)
  4 bats (D:1)
  8 frilled lizards
  6 rats
  2 fungi (D:3)
58 creatures vanquished.

Vanquished Creatures (others)
  4 toadstools (D:1)
4 creatures vanquished.

Grand Total: 62 creatures vanquished

Notes
Turn   | Place    | Note
-------+----------+-------------------------------------------
     0 | D:1      | theemperora the Deep Elf Conjurer began the quest for the Orb.
     0 | D:1      | Reached XP level 1. HP: 10/10 MP: 6/6
   107 | D:1      | Reached XP level 2. HP: 13/15 MP: 0/8
   307 | D:1      | Reached skill level 5 in Conjurations
   317 | D:1      | Gained mutation: You are dopey. (Int -2) [potion of mutation]
   317 | D:1      | Gained mutation: You are clumsy. (Dex -2) [potion of mutation]
   317 | D:1      | Gained mutation: You have supernaturally acute eyesight. (SInv) [potion of mutation]
   317 | D:1      | Gained mutation: You evolve. [potion of mutation]
   521 | D:1      | Learned a level 2 spell: Searing Ray
   950 | D:2      | Reached XP level 3. HP: 19/19 MP: 1/9
  1159 | D:2      | Found an ancient bone altar of Kikubaaqudgha.
  1253 | D:2      | Found a sacrificial altar of Ru.
  1268 | D:2      | Became a worshipper of Ru the Awakened
  1917 | D:2      | Learned a level 3 spell: Dazzling Spray
  1985 | D:3      | Reached XP level 4. HP: 24/24 MP: 6/11
  2536 | D:3      | Found a runed door.
  2540 | D:3      | Noticed Crazy Yiuf
  2565 | D:3      | Mangled by Crazy Yiuf

Skill      XL: |  1  2  3  4 |
---------------+-------------+-----
Conjurations   | 5 |  5.5
Stealth        | 3 |  3.4
Dodging        | 3 |  3.1
Spellcasting   | 4 |  4.2

Action                   |  1- 3 |  4- 6 || total
-------------------------+-------+-------++-------
Melee: Unarmed           |     3 |       ||     3
       Short sword       |       |    24 ||    24
 Cast: Magic Dart        |    89 |    18 ||   107
       Searing Ray       |     6 |     2 ||     8
  Use: Scroll            |     4 |     3 ||     7
       Potion            |     5 |     1 ||     6
 Stab: Sleeping          |     1 |     1 ||     2
  Eat: Fruit             |     2 |       ||     2
       Meat ration       |     1 |       ||     1
Armor: Robe              |    10 |     5 ||    15
Dodge: Dodged            |    53 |    18 ||    71
